 Dungeon Crawl Stone Soup version 0.26-a0-651-gb41185065b (webtiles) character file.

Game seed: 12117902513222643946

341 Irenicus the Geomancer (level 6, -2/49 HPs)
             Began as a Deep Dwarf Earth Elementalist on Oct 25, 2020.
             Killed by divine providence
             ... invoked by an orc priest
              (13 damage)
             ... on level 6 of the Dungeon.
             The game lasted 00:08:28 (1316 turns).

Irenicus the Geomancer (DDEE)                       Turns: 1316, Time: 00:08:29

Health: -2/49      AC:  5    Str: 12    XL:     6   Next: 30%
Magic:  1/8        EV: 12    Int: 17    God:
Gold:   152        SH:  0    Dex: 13    Spells: 5/8 levels left

rFire    . . .     SeeInvis .   e - +2 dagger (elec)
rCold    . . .     Faith    .   (no shield)
rNeg     . . .     Spirit   .   j - +0 leather armour
rPois    +         Reflect  .   (no helmet)
rElec    .         Harm     .   i - +1 cloak {rPois}
rCorr    +         Rampage  .   (no gloves)
MR       +....                  (no boots)
Stlth    ++........             (no amulet)
HPRegen  0.00/turn              c - ring of protection from magic {MR+, !d}
MPRegen  0.11/turn              l - ring of resist corrosion

@: non-regenerating
A: damage resistance, heal wounds, sense surroundings 1, no regeneration
a: Heal Wounds


You were on level 6 of the Dungeon.
You visited 1 branch of the dungeon, and saw 4 of its levels.

You collected 152 gold pieces.

Inventory:

Hand Weapons
 e - a +2 dagger of electrocution (weapon)
   (You took it off a kobold on level 1 of the Dungeon)
Missiles
 b - 96 stones (quivered)
Armour
 i - a +1 cloak of poison resistance (worn)
   (You took it off Crazy Yiuf on level 2 of the Dungeon)
 j - a +0 leather armour (worn)
   (You found it on level 2 of the Dungeon)
Jewellery
 c - a ring of protection from magic (left hand) {MR+, !d}
   (You took it off a hobgoblin on level 2 of the Dungeon)
 l - a ring of resist corrosion (right hand)
   (You found it on level 6 of the Dungeon)
Wands
 k - a wand of disintegration (16)
   (You found it on level 3 of the Dungeon)
Scrolls
 a - 3 scrolls of identify {unknown}
 d - 3 scrolls of remove curse {unknown}
 g - a scroll of enchant armour {unknown}
 h - a scroll of enchant weapon {unknown}
Potions
 f - a potion of invisibility {unknown}


   Skills:
 - Level 2.1 Dodging
 - Level 2.4 Stealth
 - Level 1.7 Spellcasting
 - Level 0.8 Transmutations
 + Level 9.4 Earth Magic


You had 5 spell levels left.
You knew the following spells:

 Your Spells              Type           Power        Failure   Level
a - Sandblast             Erth           ####..       1%          1
w - Passwall              Tmut/Erth      ###.....     4%          2

Your spell library contained the following spells:

 Spells                   Type           Power        Failure   Level
 Stone Arrow              Conj/Erth      ###...       11%         3
 Lee's Rapid Deconstruct  Erth           ####......   14%         5
 Petrify                  Tmut/Erth      ###.....     30%         4


Dungeon Overview and Level Annotations

Branches:
Dungeon (3/15)

Altars:
Trog


Innate Abilities, Weirdness & Mutations

You are resistant to damage.
You can heal yourself by infusing magical energy.
You passively map a small area around you.
You do not regenerate.


Message History

Confirm with . or Enter, or press ? or * to list all spells.
Press: ? - help, Shift-Dir - straight line, f - bullfrog
Aim: a bullfrog The blast of sand hits the bullfrog!
The bullfrog is moderately wounded.
b - 97 stones The bullfrog hits you but does no damage.
The adder bites you but does no damage.
An orc priest comes into view. It is wielding a +0 mace.
The bullfrog hits you. The adder misses you.
You take 3 damage, and have 28/49 hp.
You now have 0/8 mp.
You barely miss the bullfrog.
The bullfrog is moderately wounded.
The bullfrog closely misses you. The adder bites you.
You take 1 damage, and have 27/49 hp.
You closely miss the bullfrog.
The bullfrog is moderately wounded.
The bullfrog hits you. The orc closely misses you.
The adder bites you but does no damage. The bullfrog closely misses you.
It was a potion of heal wounds.
You feel much better. The adder bites you. The bullfrog closely misses you.
The orc hits you but does no damage.
An orc wizard comes into view. It is wielding a +0 dagger.
Health restored: 49 The orc wizard shouts!
You hit the adder. Lightning courses through the adder!!
You kill the adder!
Your Earth Magic skill increases to level 9!
The bullfrog hits you. x2
The orc wizard casts a spell.
The orc wizard flickers and vanishes!
Deactivating autopickup; reactivate with Ctrl-A.
The orc hits you with a +0 mace.
The orc priest mumbles some strange prayers to Beogh against you.
Beogh smites you!
You take 13 damage, and have 36/49 hp.
MASSIVE DAMAGE!!
You miss the bullfrog.
The bullfrog is moderately wounded.
The bullfrog hits you but does no damage.
The orc priest begins to cast a cantrip, but forgets the words!
The orc closely misses you.
You hit the bullfrog but do no damage. Lightning courses through the bullfrog!
The bullfrog is severely wounded.
The bullfrog hits you but does no damage.
The orc hits you with a +0 mace. The bullfrog misses you.
You hit the bullfrog.
The bullfrog is almost dead.
The orc closely misses you. The bullfrog closely misses you.
The orc hits you with a +0 mace.
You take 2 damage, and have 34/49 hp.
You barely miss the bullfrog.
The bullfrog is almost dead.
The bullfrog hits you. The orc hits you with a +0 mace.
The bullfrog closely misses you. The orc hits you but does no damage.
You barely miss the bullfrog.
The bullfrog is almost dead.
The bullfrog hits you but does no damage.
The orc hits you with a +0 mace.
You take 5 damage, and have 29/49 hp.
You hit the bullfrog.
You kill the bullfrog!
The orc hits you with a +0 mace.
The orc priest looks satisfied for a moment.
The orc hits you but does no damage.
You hear some strange, mumbled words.
Something tries to affect you, but you resist.
You take 2 damage, and have 27/49 hp.
You hit the orc.
The orc is lightly wounded.
The orc hits you with a +0 mace. The orc misses you.
You hit the orc.
The orc is heavily wounded.
The orc priest hits you with a +0 mace. The orc closely misses you.
You take 4 damage, and have 23/49 hp.
You hit the orc but do no damage. Lightning courses through the orc!
You kill the orc!
The orc hits you with a +0 mace.
The orc priest begins to cast a cantrip, but forgets the words!
You take 3 damage, and have 20/49 hp.
You hit the orc but do no damage. The orc barely misses you.
The orc priest hits you with a +0 mace. Something hits you but does no damage.
You take 4 damage, and have 16/49 hp.
You hit the orc.
The orc is moderately wounded.
The orc hits you but does no damage. The orc priest closely misses you.
You hear some strange, mumbled words.
A magic dart appears from out of thin air!
The magic dart hits you!
* * * LOW HITPOINT WARNING * * *
You take 5 damage, and have 11/49 hp.
Casting: Sandblast (safe; 1% risk of failure)
Confirm with . or Enter, or press ? or * to list all spells.
Aiming: Sandblast (safe; 1% risk of failure)
Press: ? - help, Shift-Dir - straight line, f - orc priest
Aim: an orc priest, wielding a +0 mace and wearing a +0 chain mail The blast of sand hits the orc priest but does no damage.
b - 96 stones The orc closely misses you.
Something completely misses you.
The orc priest calls down the wrath of Beogh upon you.
Beogh smites you!
You die...

* * , #####.# ...
###.....#<... , *
#.......#.... ,
............ * ,
#.......>. , #.......# .#
, .. #..#{o.# ##.# , *
#.##..#@o.##..... , ..#
#................ , *
...#.. .#.......##......#
...... * ....##..#......##
,#.... #................#
.#....#####.##.#........>.
......#.##..#####........#
.............####.........
, ,*#..........#.†#.......


You could see an orc priest and an orc.

Vanquished Creatures
  An ice beast (D:6)
  A bullfrog (D:6)
  Crazy Yiuf (D:2)
  An orc wizard (D:6)
  3 gnolls (D:2)
  3 adders
  A white imp (D:6)
  A dart slug (D:1)
  4 leopard geckos
  6 orcs
  A ball python (D:3)
  3 giant cockroaches
  8 goblins
  5 hobgoblins
  9 jackals
  2 bats (D:1)
  4 frilled lizards (D:1)
  7 kobolds
  8 rats
69 creatures vanquished.

Notes
Turn   | Place    | Note
-------+----------+-------------------------------------------
     0 | D:1      | Irenicus the Deep Dwarf Earth Elementalist began the quest
                  | for the Orb.
     0 | D:1      | Reached XP level 1. HP: 15/15 MP: 3/3
   104 | D:1      | HP: 3/15 [jackal (1)]
   139 | D:1      | Reached XP level 2. HP: 22/22 MP: 1/4
   152 | D:1      | Reached skill level 5 in Earth Magic
   342 | D:1      | Reached XP level 3. HP: 16/28 MP: 0/5
   547 | D:1      | Learned a level 2 spell: Passwall
   712 | D:2      | Reached skill level 6 in Earth Magic
   819 | D:2      | Found a bloodstained altar of Trog.
   925 | D:2      | HP: 6/28 [hobgoblin/+0 club (2)]
  1057 | D:2      | Reached XP level 4. HP: 8/36 MP: 3/6
  1060 | D:2      | Reached skill level 7 in Earth Magic
  1102 | D:2      | HP: 7/36 [leopard gecko (1)]
  1151 | D:2      | Found a runed translucent door.
  1152 | D:2      | Noticed Crazy Yiuf
  1160 | D:2      | Killed Crazy Yiuf
  1216 | D:3      | Reached XP level 5. HP: 38/42 MP: 3/7
  1233 | D:3      | You fall into a shaft and drop 3 floors!
  1251 | D:6      | Reached skill level 8 in Earth Magic
  1278 | D:6      | Noticed an ice beast
  1287 | D:6      | Killed an ice beast
  1295 | D:6      | Reached XP level 6. HP: 31/49 MP: 0/8
  1304 | D:6      | Reached skill level 9 in Earth Magic
  1315 | D:6      | HP: 11/49 [something/magic dart (5)]
  1316 | D:6      | Killed from afar by an orc priest

Illustrated notes

Levels and vault maps discovered:
D:1:      dpeg_arrival_rhombi, layout_basic
D:2:      layout_loops_cross, bloody_trog, serial_forest,
          infiniplex_forest_lined_room_, infiniplex_forest_zigzag_1,
          infiniplex_forest_straight_3, infiniplex_forest_straight_4,
          infiniplex_forest_lined_3_way, infiniplex_forest_zigzag_1,
          uniq_crazy_yiuf_cottage
D:3:      layout_basic, uniq_sigmund
D:6:      cheibrodos_thug_alley, layout_cave_pools,
          minmay_temple_entry_drinking_statues

Skill      XL: |  1  2  3  4  5  6 |
---------------+-------------------+-----
Earth Magic    | 5 6 7 8 9 |  9.4
Dodging        | |  2.1
Stealth        | |  2.4
Spellcasting   | |  1.7
Transmutations | |  0.8

Action                   |  1- 3 |  4- 6 || total
-------------------------+-------+-------++-------
Melee: Dagger            |    75 |    38 ||   113
       Unarmed           |     2 |       ||     2
 Cast: Sandblast         |    47 |    24 ||    71
       Passwall          |     3 |     1 ||     4
 Abil: Heal Wounds       |     1 |     1 ||     2
  Use: Potion            |       |     2 ||     2
 Stab: Sleeping          |     2 |       ||     2
Armor: Robe              |    30 |       ||    30
       Leather armour    |     1 |    12 ||    13
Dodge: Dodged            |    93 |    32 ||   125

Table legend: (Time is in decaauts)
 A = Elapsed time spent in this place.
 B = Non-inter-level travel time spent in this place.
 C = Inter-level travel time spent in this place.
 D = Time resting spent in this place.
 E = Time spent auto-exploring this place.
 F = Levels seen in this place.
 G = Mean time per level.
                   A        B        C        D        E       F      G
               +--------+--------+--------+--------+--------+-----+--------+
         Total |   1294 |   1268 |     26 |      0 |      0 |   4 |  323.5 |
       Dungeon |   1294 |   1268 |     26 |      0 |      0 |   4 |  323.5 |
               +--------+--------+--------+--------+--------+-----+--------+

Top non-repeatable levels by time:
     D:1: 634 daAuts
     D:2: 554 daAuts
     D:6: 82 daAuts
     D:3: 23 daAuts

Table legend:
 A = Kills in this place as a percentage of kills in entire the game.
 B = Kills by you in this place as a percentage of kills by you in the entire game.
 C = Kills by friends in this place as a percentage of kills by friends in the entire game.
 D = Other kills in this place as a percentage of other kills in the entire game.
 E = Experience gained in this place as a percentage of experience gained in the entire game.
 F = Experience gained in this place divided by the number of levels of this place that you have seen.
                   A       B       C       D       E      F
               +-------+-------+-------+-------+-------+----------------------
         Total | 100.0 | 100.0 |   N/A |   N/A | 100.0 | 122.0
       Dungeon | 100.0 | 100.0 |   N/A |   N/A | 100.0 | 122.0
               +-------+-------+-------+-------+-------+----------------------
